 Seeded DCSS version 0.30.1-11-g7821555f0a (webtiles) character file.

Game seed: 430007637681659361 (custom seed)

11892 McKennaii the Destroyer (level 11, -6/74 HPs)
             Began as a Demigod Conjurer on Jan 7, 2024.
             Mangled by a troll (9 damage)
             ... on level 8 of the Dungeon.
             The game lasted 00:21:00 (13388 turns).

McKennaii the Destroyer (Demigod Conjurer)         Turns: 13388, Time: 00:21:00

Health: -6/74      AC: 12    Str:  8    XL:     11   Next: 30%
Magic:  1/29       EV: 11    Int: 32    God:
Gold:   997        SH: 10    Dex: 12    Spells: 15/30 levels left

rFire   + + +        n - staff of conjuration "Ranaov" {rElec rF+}
rCold   . . .        F - +0 buckler {AC+3}
rNeg    . . .        N - +0 steam dragon scales
rPois   +            m - +0 helmet
rElec   +            I - +0 cloak {rPois}
rCorr   .            a - +1 pair of gloves {Stlth+}
SInv    .            (no boots)
Will    ++...        k - amulet "Nuajas" {Reflect Fragile rPois rF++ SH+5 Stlth+}
Stlth   ++++         e - ring of flight
HPRegen 0.32/turn    d - ring of Aggem {Wiz Will+ Slay+5}
MPRegen 0.21/turn

%: reflection, wizardry (x1)
@: about to teleport, flying
A: high MP 1, forlorn, divine attributes
a: no special abilities


You were on level 8 of the Dungeon.
You visited 1 branch of the dungeon, and saw 8 of its levels.
You also visited: Ossuary.

You collected 997 gold pieces.

Inventory:

Hand Weapons
 h - a +3 war axe
 y - a +2 short sword of venom
Missiles
 E - 2 throwing nets
Armour
 a - a +1 pair of gloves of stealth (worn)
 m - a +0 helmet (worn)
 o - the +8 chain mail of Yvostuok {rPois rF- rCorr Str+6}
   (You acquired it on level 7 of the Dungeon)

   Str:       It affects your strength (+6).
   rF:        It makes you vulnerable to fire.
   rPois:     It protects you from poison.
   rCorr:     It protects you from acid and corrosion.
 A - a +2 robe of cold resistance
 F - a +0 buckler of protection (worn)
 I - a +0 cloak of poison resistance (worn)
 N - +0 steam dragon scales (worn)
 O - the +0 shadow dragon scales "Majy" {rElec Regen+ Str+3 Dex+3 Stlth++++}
   (You took it off a skeletal warrior on level 8 of the Dungeon)

   Str:       It affects your strength (+3).
   Dex:       It affects your dexterity (+3).
   rElec:     It insulates you from electricity.
   Regen:     It increases your rate of health regeneration.
   Stlth:     It makes you much more stealthy.
Magical Staves
 n - the staff of conjuration "Ranaov" (weapon) {rElec rF+}
   (You acquired it on level 7 of the Dungeon)

   [staff of conjuration]

   Base accuracy: +5 Base damage: 5 Base attack delay: 1.2 This weapon's minimum
   attack delay (0.6) is reached at skill level 12.
   rF:        It protects you from fire.
   rElec:     It insulates you from electricity.
   It falls into the 'Staves' category.
   It is a one-handed weapon.
Jewellery
 d - the ring of Aggem (right hand) {Wiz Will+ Slay+5}
   (You acquired it on level 7 of the Dungeon)

   [ring of wizardry]

   It improves your spell success rate.
   Slay:      It affects your accuracy & damage with ranged weapons and melee
   (+5).
   Will:      It increases your willpower.
 e - a ring of flight (left hand)
 k - the amulet "Nuajas" (around neck) {Reflect Fragile rPois rF++ SH+5 Stlth+}
   (You acquired it on level 7 of the Dungeon)

   [amulet of reflection]

   It reflects blocked missile attacks.
   rF:        It greatly protects you from fire.
   rPois:     It protects you from poison.
   Fragile:   It will be destroyed if unequipped.
   SH:        It affects your SH (+5).
   Stlth:     It makes you more stealthy.
 M - a +6 ring of dexterity
Wands
 q - a wand of flame (48)
Scrolls
 c - a scroll of fear
 f - a scroll of brand weapon
 g - 2 scrolls of vulnerability
 r - 3 scrolls of amnesia
 s - 5 scrolls of blinking
 t - 2 scrolls of immolation
 u - 3 scrolls of teleportation
 B - a scroll of poison {unknown}
 C - a scroll of torment {unknown}
 G - a scroll of fog {unknown}
 K - a scroll of enchant weapon {unknown}
Potions
 b - 2 potions of magic
 i - 11 potions of curing
 j - 3 potions of ambrosia
 l - a potion of cancellation
 p - 2 potions of attraction
 v - 3 potions of heal wounds {unknown}
 w - a potion of invisibility {unknown}
 x - 3 potions of haste {unknown}
 z - 3 potions of might {unknown}
 D - a potion of mutation {unknown}
 H - 2 potions of brilliance {unknown}
 J - a potion of berserk rage {unknown}
 L - a potion of resistance {unknown}


   Skills:
 - Level 1.7 Dodging
 - Level 1.7 Stealth
 - Level 6.0 Shields
 + Level 10.1 Spellcasting
 + Level 11.4 Conjurations
 + Level 4.5 Fire Magic


You had 15 spell levels left.
You knew the following spells:

 Your Spells              Type           Power      Damage    Failure   Level
a - Magic Dart            Conj           100%       1d8       1%          1
b - Searing Ray           Conj           100%       2d8       1%          2
c - Iskenderun's Mystic   Conj/Tloc      68%        2d14      1%          4
d - Stone Arrow           Conj/Erth      100%       3d13      1%          3
e - Fireball              Conj/Fire      39%        3d16      1%          5

Your spell library contained the following spells:

 Spells                   Type           Power      Damage    Failure   Level
 Apportation              Tloc           32%        N/A       1%          1
 Necrotise                Necr           64%        1d7       1%          1
 Sandblast                Erth           32%        2d9       1%          1
 Summon Small Mammal      Summ           64%        N/A       1%          1
 Dazzling Flash           Conj/Hex       100%       N/A       1%          3
 Hailstorm                Conj/Ice       68%        3d14      1%          3
 Mephitic Cloud           Conj/Pois/Air  57%        N/A       1%          3
 Fulminant Prism          Conj/Hex       34%        3d16      1%          4
 Call Imp                 Summ           32%        N/A       2%          2
 Ensorcelled Hibernation  Hex/Ice        32%        N/A       2%          2
 Passwall                 Tmut/Erth      13%        N/A       2%          2
 Poisonous Vapours        Pois/Air       32%        N/A       2%          2
 Swiftness                Air            16%        N/A       5%          3
 Vampiric Draining        Necr           16%        2d7       5%          3
 Freezing Cloud           Conj/Ice/Air   28%        6-21      11%         5
 Starburst                Conj/Fire      39%        6d11      11%         6
 Animate Dead             Necr           16%        N/A       17%         4
 Ice Form                 Ice/Tmut       16%        N/A       17%         4
 Petrify                  Tmut/Erth      16%        N/A       17%         4
 Agony                    Necr           16%        N/A       43%         5
 Alistair's Intoxication  Tmut/Pois      10%        N/A       43%         5
 Metabolic Englaciation   Hex/Ice        8%         N/A       43%         5
 Simulacrum               Ice/Necr       8%         N/A       92%         6
 Statue Form              Tmut/Erth      10%        N/A       92%         6
 Haunt                    Necr/Summ      8%         N/A       100%        7
 Infestation              Necr           8%         N/A       100%        8


Dungeon Overview and Level Annotations

Branches:
Dungeon (8/15)             Temple (0/1) D:4            Lair (0/5) D:8
Ossuary (visited)

Shops:
D:6 !


Innate Abilities, Weirdness & Mutations

You have an increased reservoir of magic. (+10% MP)
You shall have no god before yourself.
Your divine heritage dramatically boosts your attributes as you level up.


Message History

The troll is severely wounded.
The troll bites you! You block the troll's attack. The troll claws you.
You barely miss the troll.
The troll is severely wounded.
The troll barely misses you. The troll claws you. The troll barely misses you.
The troll attacks as you move away! You block the troll's attack. x2
The troll claws you but does no damage. The troll attacks as you move away!
The troll closely misses you. You block the troll's attack.
The troll completely misses you. The troll attacks as you move away!
The troll bites you! The troll claws you. The troll closely misses you.
The troll attacks as you move away! The troll bites you!
You block the troll's attack. x2
The troll attacks as you move away! The troll barely misses you.
The troll closely misses you. You block the troll's attack.
The troll attacks as you move away! The troll bites you.
The troll closely misses you. The troll claws you but does no damage.
There is an open door here.
Casting: Stone Arrow (safe; 1% risk of failure)
Confirm with . or Enter, or press ? or * to list all spells.
You feel a surge of power!
You erupt in a blast of force!
The mystic blast hits the troll!
The troll is heavily wounded.
The troll is knocked back by the mystic blast.
Unknown command.
Unknown command.
Unknown command.
The troll attacks as you move away! The troll misses you.
The troll claws you! x2
* * * LOW HITPOINT WARNING * * *
As you read the scroll of teleportation, it crumbles to dust.
You feel strangely unstable. You block the troll's attack. x2
The troll closely misses you. The troll attacks as you move away!
You block the troll's attack. The troll claws you but does no damage.
The troll claws you.
* * * LOW HITPOINT WARNING * * *
The troll attacks as you move away! The troll bites you!
* * * LOW HITPOINT WARNING * * *
The troll claws you but does no damage. You block the troll's attack.
The troll attacks as you move away! The troll bites you!
You die...

###....#.#..........##.# ###
###.).#.#..#.#.#.#.#####.# #
#..D.#.#.#.##.#.#.######.#### #
.##...#.#..#....####..##....# #
.####....#.#..####....##....#####
#..####....'####....#.##.......†.
#....####..###....#...##....#####
#.##...#####.D..#..(#.##....#
#.##.#...##'##.T@.#...##.####
#......#..D#####....#.##.#
#[##.#...###.#####....##.#
#.##...####'....####..##.#
#....####..###.#..####.#.#####
#..####..#.#..##(#.###.#.....####
#####...#..#.#..#..#..##..|......
###..#...#.##.##.##.####..##.###.
#...#...#..#.#.##.######..##.###.


You could see a troll and an acid dragon.

Vanquished Creatures
  A centaur warrior (D:8)
  5 death yaks (D:8)
  A skeletal warrior (D:8)
  An ugly thing (D:8)
  2 trolls (D:8)
  Prince Ribbit (D:7)
  A slime creature (D:8)
  A shadow (D:5)
  8 yaks (D:8)
  A wyvern (D:7)
  2 steam dragons
  4 vampire mosquitoes (D:7)
  Menkaure (D:6)
  3 water moccasins
  Duvessa (D:4)
  An ice beast (D:7)
  2 hornet zombies (Ossuary)
  4 sky beasts
  An ogre (D:5)
  2 centaurs (D:6)
  2 kobold brigands
  Blork the orc (D:6)
  6 bullfrogs
  A water moccasin zombie (Ossuary)
  14 wights
  Dowan (D:4)
  3 howler monkeys
  7 bullfrog zombies (Ossuary)
  3 centaur zombies (Ossuary)
  A jelly (D:7)
  2 orc priests
  4 hounds
  Crazy Yiuf (D:5)
  A gnoll bouda (D:5)
  13 mummies (Ossuary)
  Terence (D:2)
  3 iguanas
  3 sleepcaps
  6 orc wizards
  3 killer bee zombies (Ossuary)
  A howler monkey zombie (Ossuary)
  Robin (D:4)
  12 gnolls
  8 adders
  2 white imps
  An ufetubus (D:5)
  3 worms
  4 dart slugs
  23 orcs
  6 endoplasms
  8 giant cockroaches
  15 goblins
  13 hobgoblins
  5 jackals
  5 quokkas
  12 ball pythons
  10 bats
  A frilled lizard (D:1)
  14 kobolds
  5 rats
268 creatures vanquished.

Vanquished Creatures (others)
  An orc wizard (D:7)
1 creature vanquished.

Grand Total: 269 creatures vanquished

Notes
Turn   | Place    | Note
-------+----------+-------------------------------------------
     0 | D:1      | McKennaii the Demigod Conjurer began the quest for the Orb.
     0 | D:1      | Reached XP level 1. HP: 14/14 MP: 5/5
   258 | D:1      | Reached XP level 2. HP: 20/20 MP: 2/7
   346 | D:1      | Learned a level 2 spell: Searing Ray
   492 | D:1      | Reached skill level 4 in Conjurations
  1080 | D:2      | Noticed Terence
  1089 | D:1      | Reached XP level 3. HP: 26/26 MP: 3/9
  1622 | D:2      | Killed Terence
  1623 | D:2      | Reached XP level 4. HP: 32/33 MP: 1/11
  2268 | D:3      | Reached XP level 5. HP: 38/38 MP: 8/13
  2350 | D:3      | Reached skill level 5 in Conjurations
  2481 | D:3      | Learned a level 4 spell: Iskenderun's Mystic Blast
  2485 | D:3      | Learned a level 3 spell: Stone Arrow
  3461 | D:4      | Found a staircase to the Ecumenical Temple.
  3913 | D:4      | Reached XP level 6. HP: 16/45 MP: 2/15
  4138 | D:4      | Got the Tome of Luminous Command
  4200 | D:4      | Noticed Robin
  4203 | D:4      | Killed Robin
  4470 | D:4      | Noticed Duvessa
  4473 | D:4      | Noticed Dowan
  4543 | D:4      | Killed Duvessa
  4546 | D:4      | Killed Dowan
  4547 | D:4      | Reached skill level 6 in Conjurations
  5180 | D:5      | Entered Level 5 of the Dungeon
  5277 | D:5      | Reached XP level 7. HP: 46/50 MP: 11/17
  5488 | D:5      | Reached skill level 5 in Spellcasting
  5657 | D:5      | Noticed a steam dragon
  5668 | D:5      | Killed a steam dragon
  5796 | D:5      | Noticed a shadow
  5937 | D:5      | Killed a shadow
  5938 | D:5      | Reached skill level 7 in Conjurations
  6227 | D:5      | Reached XP level 8. HP: 57/57 MP: 9/20
  6455 | D:5      | Found a runed translucent door.
  6456 | D:5      | Noticed Crazy Yiuf
  6738 | D:5      | Killed Crazy Yiuf
  6801 | D:5      | Reached skill level 1 in Shields
  6867 | D:6      | Found Ybrut's Distillery.
  7044 | D:6      | Reached skill level 8 in Conjurations
  7149 | D:6      | Noticed Blork the orc
  7155 | D:6      | Killed Blork the orc
  7349 | D:6      | Noticed Menkaure
  7357 | D:6      | Killed Menkaure
  7863 | D:6      | Reached XP level 9. HP: 38/62 MP: 18/23
  8198 | D:7      | Noticed Prince Ribbit
  8205 | D:7      | Killed Prince Ribbit
  8520 | D:7      | Reached skill level 9 in Conjurations
  8717 | D:7      | Reached skill level 5 in Shields
  9192 | D:7      | Identified 5 scrolls of acquirement
  9202 | D:7      | Acquired a +1 pair of gloves of stealth
  9217 | D:7      | Acquired the ring of Aggem {Wiz Will+ Slay+5}
  9226 | D:7      | Acquired the amulet "Nuajas" {Reflect Fragile rPois rF++
                  | SH+5 Stlth+}
  9242 | D:7      | Acquired the staff of conjuration "Ranaov" {rElec rF+}
  9245 | D:7      | Acquired the +8 chain mail of Yvostuok {rPois rF- rCorr
                  | Str+6}
  9290 | D:8      | Found a sand-covered staircase.
  9295 | Ossuary  | Entered an ossuary
 10138 | Ossuary  | Reached XP level 10. HP: 59/69 MP: 13/26
 10225 | Ossuary  | Acquired 542 gold pieces
 10681 | D:8      | Reached skill level 10 in Conjurations
 10852 | D:8      | Found a staircase to the Lair.
 10853 | D:8      | Noticed a death yak
 10854 | D:8      | Noticed a death yak
 10856 | D:8      | Noticed a death yak
 10889 | D:8      | Killed a death yak
 11032 | D:8      | Learned a level 5 spell: Fireball
 11045 | D:8      | Noticed a death yak
 11046 | D:8      | Noticed a death yak
 11049 | D:8      | Killed a death yak
 11050 | D:8      | Reached skill level 1 in Fire Magic
 11051 | D:8      | Killed a death yak
 11242 | D:8      | Killed a death yak
 11380 | D:8      | Killed a death yak
 11575 | D:8      | Reached skill level 11 in Conjurations
 11577 | D:8      | Reached XP level 11. HP: 70/74 MP: 7/29
 12491 | D:8      | Noticed a centaur warrior
 12493 | D:8      | Killed a centaur warrior
 12493 | D:8      | Noticed a skeletal warrior
 12628 | D:8      | Identified the +0 shadow dragon scales "Majy" {rElec Regen+
                  | Str+3 Dex+3 Stlth++++}
 12995 | D:8      | Killed a skeletal warrior
 12996 | D:8      | Reached skill level 10 in Spellcasting
 13387 | D:8      | HP: 2/74 [troll (8)]
 13388 | D:8      | Mangled by a troll

Illustrated notes

Levels and vault maps discovered:
D:1:      wander_arrival_chamber, layout_basic, kennysheep_boxes
D:2:      layout_rooms, dilly_ecumenical_altar_fadedgnrine, basic_altar,
          uniq_terence
D:3:      layout_basic, mainiacjoe_overflow_swirl, jmf_multi_god_temple,
          minmay_puff
D:4:      layout_loops_corners, minmay_temple_entry_junction_2,
          minmay_joined_circles, uniq_robin, uniq_duvessa
D:5:      layout_layer_cave, uniq_crazy_yiuf_cottage
D:6:      layout_rooms, mainiacjoe_overflow_catwalk, serial_shops,
          nicolae_shop_statue_plus, serial_park_tiny_1, uniq_blork_the_orc,
          uniq_menkaure
D:7:      layout_loops_cross, mainiacjoe_overflow_surrounded_room,
          mainiacjoe_overflow_alcove_4, uniq_prince_ribbit1
D:8:      minmay_the_grid_triangle_9x9_rhombus_full
          [minmay_the_grid_triangle_9x9_zippers_horizontal,
          minmay_the_grid_triangle_9x9_descending_squares,
          minmay_the_grid_triangle_9x9_wacky_v,
          minmay_the_grid_triangle_9x9_corruption,
          minmay_the_grid_triangle_9x9_negative_grid,
          minmay_the_grid_triangle_9x9_zippers_vertical,
          minmay_the_grid_triangle_9x9_limited_checkers,
          minmay_the_grid_triangle_9x9_prize_insulated], layout_loops_corners,
          dpeg_lair_monsters, enter_ossuary_2

Skill      XL: |  1  2  3  4  5  6  7  8  9 10 11 |
---------------+----------------------------------+-----
Spellcasting   | 2 3 4 6 7 8 9 10 | 10.1
Conjurations   | 4 5 6 7 8 9 11 | 11.4
Shields        | 3 5 6 |  6.0
Fire Magic     | 3 4 |  4.5
Dodging        | |  1.7
Stealth        | |  1.7

Action                     |  1- 3 |  4- 6 |  7- 9 | 10-12 || total
---------------------------+-------+-------+-------+-------++-------
  Melee: Unarmed           |     1 |       |       |       ||     1
         War axe           |    17 |    10 |       |       ||    27
         Short sword       |       |       |    26 |       ||    26
         Staff             |       |       |     7 |     8 ||    15
   Cast: Magic Dart        |    71 |   128 |   167 |       ||   366
         Searing Ray       |     4 |    22 |    35 |     6 ||    67
         Iskenderun's Myst |       |       |    10 |    26 ||    36
         Stone Arrow       |       |       |    35 |    75 ||   110
         Fireball          |       |       |       |    17 ||    17
    Use: Scroll            |       |       |    15 |     7 ||    22
 Armour: Robe              |     5 |    12 |    54 |     6 ||    77
         Steam dragon scal |       |       |       |    11 ||    11
  Dodge: Dodged            |    37 |    45 |   114 |    19 ||   215
  Block: Buckler           |       |       |    31 |    43 ||    74
         Reflection        |       |       |       |     1 ||     1
